 Dungeon Crawl Stone Soup version 0.30-a0-728-gc68057be0a (webtiles) character file.

Game seed: 7120078610768308312

4869 BigDaddyOpFi the Cleaver (level 10, -10/91 HPs)
             Began as a Hill Orc Fighter on Jan 31, 2023.
             Was a Believer of Beogh.
             Killed from afar by a gargoyle (26 damage)
             ... with a stone arrow
             ... on level 8 of the Dungeon.
             The game lasted 00:07:01 (5810 turns).

BigDaddyOpFi the Cleaver (Hill Orc Fighter)         Turns: 5810, Time: 00:07:02

Health: -10/91     AC: 23    Str: 24    XL:     10   Next: 50%
Magic:  15/15      EV: 12    Int:  8    God:    Beogh [**....]
Gold:   407        SH:  5    Dex: 10    Spells: 9/9 levels left

rFire   . . .      SeeInvis .    r - +0 war axe (chaos)
rCold   + + .      Faith    .    c - +0 buckler
rNeg    . . .      Spirit   .    E - +7 plate armour of the Slightly Bent {rC++}
rPois   .          Reflect  .    (no helmet)
rElec   .          Harm     .    k - +0 cloak
rCorr   .          Rampage  .    H - +0 pair of gloves
Will    +....                    (no boots) Stlth
                                 m - amulet of regeneration
HPRegen 1.15/turn                g - +5 ring of evasion
MPRegen 0.14/turn                z - ring of willpower

@: no status effects
A: no striking features
a: Renounce Religion, Smiting


You were on level 8 of the Dungeon.
You worshipped Beogh.
Beogh was pleased with you.
You visited 1 branch of the dungeon, and saw 8 of its levels.

You collected 407 gold pieces.

Inventory:

Hand Weapons
 a - a +1 war axe
 r - a +0 war axe of chaos (weapon)
Missiles
 I - a throwing net (quivered)
Armour
 c - a +0 buckler (worn)
 k - a +0 cloak (worn)
 E - the +7 plate armour of the Slightly Bent (worn) {rC++}
   (You found it on level 6 of the Dungeon)

   rC:        It greatly protects you from cold.
 H - a +0 pair of gloves (worn)
Jewellery
 e - an amulet of magic regeneration
 g - a +5 ring of evasion (left hand)
 l - a ring of ice
 m - an amulet of regeneration (around neck)
 p - a ring of magical power
 u - a ring of magical power
 z - a ring of willpower (right hand)
 A - a ring of protection from cold
Wands
 b - a wand of iceblast (19)
 G - a wand of mindburst (12)
Scrolls
 d - 2 scrolls of immolation
 h - 5 scrolls of teleportation
 j - 2 scrolls of fear
 n - a scroll of noise {unknown}
 v - 2 scrolls of identify
 y - 2 scrolls of magic mapping
 F - a scroll of fog
Potions
 f - a potion of flight
 i - a potion of magic
 o - 2 potions of curing
 q - a potion of cancellation {unknown}
 s - a potion of mutation {unknown}
 t - a potion of resistance {unknown}
 w - a potion of attraction {unknown}
 x - a potion of degeneration
 B - 4 potions of lignification
 C - a potion of haste
 D - 2 potions of brilliance


   Skills:
 + Level 9.1 Fighting
 + Level 9.5 Axes
 + Level 8.3 Armour
 + Level 8.2 Shields
 * Level 7.7 Invocations


You had 9 spell levels left.
You didn't know any spells.
Your spell library contained the following spells:

 Spells                   Type           Power      Damage    Failure   Level
 Apportation              Tloc           0%         N/A       100%        1
 Necrotise                Necr           0%         1d4       100%        1
 Slow                     Hex            0%         N/A       100%        1
 Summon Small Mammal      Summ           0%         N/A       100%        1
 Confusing Touch          Hex            0%         N/A       100%        3
 Hailstorm                Conj/Ice       0%         3d3       100%        3
 Mephitic Cloud           Conj/Pois/Air  0%         N/A       100%        3
 Summon Guardian Golem    Hex/Summ       0%         N/A       100%        3
 Vampiric Draining        Necr           0%         2d6       100%        3
 Ice Form                 Ice/Tmut       0%         N/A       100%        4
 Olgreb's Toxic Radiance  Pois           0%         N/A       100%        4
 Summon Forest            Summ/Tloc      0%         N/A       100%        5
 Simulacrum               Ice/Necr       0%         N/A       100%        6
 Orb of Destruction       Conj           0%         9d5       100%        7
 Spellforged Servitor     Conj/Summ      0%         N/A       100%        7


Dungeon Overview and Level Annotations

Branches:
Dungeon (8/15)             Temple (0/1) D:7
   Lair: D:8-11

Altars:
Fedhas
Nemelex Xobeh
Qazlal
Xom
Yredelemnul


Message History

A gargoyle comes into view. It is wielding a +0 mace.
Found a forked silver wand.
You barely miss the gargoyle.
The gargoyle hits you but does no damage.
You hit the gargoyle but do no damage. The gargoyle hits you with a +0 mace!
You hit the gargoyle but do no damage. You block the gargoyle's attack.
You barely miss the gargoyle. The gargoyle hits you with a +0 mace!
You hit the gargoyle.
The gargoyle is moderately damaged.
The gargoyle hurls a stone arrow at you.
The stone arrow hits you!!
You hit the gargoyle.
The gargoyle suddenly seems more agile.
The gargoyle is moderately damaged.
The gargoyle hurls a stone arrow at you.
The stone arrow hits you!
You closely miss the gargoyle.
The gargoyle is lightly damaged.
The gargoyle hits you but does no damage.
You slash the gargoyle! You freeze the gargoyle.
The gargoyle is heavily damaged.
The gargoyle hits you but does no damage.
You hit the gargoyle but do no damage.
The gargoyle seems to speed up.
The gargoyle is heavily damaged.
The gargoyle hits you but does no damage.
The gargoyle hits you with a +0 mace!
You completely miss the gargoyle.
The gargoyle is heavily damaged.
The gargoyle hits you with a +0 mace.
You closely miss the gargoyle.
The gargoyle is heavily damaged.
The gargoyle hits you with a +0 mace.
The gargoyle hits you but does no damage.
You slash the gargoyle! You burn the gargoyle.
The gargoyle is almost destroyed.
The gargoyle hurls a stone arrow at you.
The stone arrow hits you!!
* * * LOW HITPOINT WARNING * * *
The gargoyle hurls a stone arrow at you.
The stone arrow hits you!!
You die...

#......<.#....########.#
####...........# ###
#...##...##...#
##.###8...8###.#
#..#.##...##8#..#
#.###).....'###.#
#.#8#.......#)#.#
#.##'.......'# #
#.##....8...@#
#.##'.......9#
#.#8#.......#/
#.###+.....+### ##+.+##
###


You could see a gargoyle (fast, agile).

Vanquished Creatures
  A dancing weapon (D:6)
  The ghost of Mitcholas the Skirmisher, a novice DrHu of Okawaru (D:6)
  2 gargoyles (D:8)
  Maggie (D:7)
  Sigmund (D:3)
  A wyvern (D:7)
  A steam dragon (D:6)
  2 water moccasins
  An ice beast (D:7)
  A sky beast (D:6)
  4 ogres
  2 centaurs
  A phantom (D:5)
  A bullfrog (D:7)
  A gnoll sergeant (D:8)
  2 necrophages (D:4)
  2 scorpions
  5 killer bees
  2 hounds
  A jelly (D:6)
  2 orc priests
  2 gnoll boudas
  Terence (D:3)
  2 iguanas (D:6)
  9 orc wizards
  22 gnolls
  8 adders
  2 white imps
  2 ufetubi (D:5)
  5 worms
  A dart slug (D:3)
  19 orcs
  8 endoplasms
  4 giant cockroaches
  4 goblins
  6 hobgoblins
  9 jackals
  2 quokkas
  7 ball pythons
  7 bats
  5 frilled lizards
  8 kobolds
  8 rats
176 creatures vanquished.

Vanquished Creatures (others)
  A hound (D:6)
  An adder (D:5)
  2 orcs
4 creatures vanquished.

Grand Total: 180 creatures vanquished

Notes
Turn   | Place    | Note
-------+----------+-------------------------------------------
     0 | D:1      | BigDaddyOpFi the Hill Orc Fighter began the quest for the
                  | Orb.
     0 | D:1      | Reached XP level 1. HP: 19/19 MP: 1/1
   127 | D:1      | Reached XP level 2. HP: 25/27 MP: 2/2
   242 | D:1      | Reached XP level 3. HP: 33/33 MP: 3/3
   676 | D:2      | Found a faded altar of an unknown god.
  1130 | D:2      | Reached XP level 4. HP: 36/40 MP: 4/4
  1685 | D:3      | Reached XP level 5. HP: 36/47 MP: 5/5
  1800 | D:3      | Noticed Sigmund
  1817 | D:3      | Killed Sigmund
  1818 | D:3      | Reached skill level 5 in Fighting
  1818 | D:3      | Reached XP level 6. HP: 43/56 MP: 6/6
  2121 | D:3      | Noticed Terence
  2130 | D:3      | Killed Terence
  2131 | D:3      | Reached skill level 5 in Axes
  2446 | D:4      | Reached skill level 5 in Armour
  2446 | D:4      | Reached skill level 5 in Shields
  2476 | D:4      | Reached XP level 7. HP: 61/61 MP: 7/7
  2960 | D:5      | Entered Level 5 of the Dungeon
  3071 | D:5      | Became a worshipper of Beogh the Brigand
  3087 | D:5      | Reached XP level 8. HP: 38/71 MP: 8/8
  3453 | D:5      | Got the Octavo of Kismet
  3854 | D:6      | Identified the +7 plate armour of the Slightly Bent {rC++}
  3962 | D:6      | Reached * piety under Beogh
  4102 | D:6      | Found a runed translucent door.
  4143 | D:6      | Found a shimmering altar of Xom.
  4143 | D:6      | Noticed Mitcholas's ghost (novice DrHu)
  4143 | D:6      | Noticed a +0 war axe of chaos
  4245 | D:6      | Killed a +0 war axe of chaos
  4246 | D:6      | Reached XP level 9. HP: 52/81 MP: 4/11
  4256 | D:6      | Killed Mitcholas's ghost
  4326 | D:7      | Found a staircase to the Ecumenical Temple.
  4339 | D:7      | Reached skill level 5 in Invocations
  4503 | D:7      | Found a sparkling altar of Nemelex Xobeh.
  4608 | D:7      | Reached XP level 10. HP: 90/90 MP: 14/14
  4720 | D:7      | Found a stormy altar of Qazlal.
  4728 | D:7      | Reached ** piety under Beogh
  4837 | D:7      | Noticed a cyclops
  4881 | D:7      | Noticed Maggie
  4897 | D:7      | Killed Maggie
  5134 | D:8      | Found a basalt altar of Yredelemnul.
  5244 | D:8      | Found a blossoming altar of Fedhas.
  5400 | D:8      | Noticed a gargoyle
  5421 | D:8      | Killed a gargoyle
  5661 | D:8      | Noticed a gargoyle
  5672 | D:8      | Killed a gargoyle
  5798 | D:8      | Noticed a gargoyle
  5810 | D:8      | Killed from afar by a gargoyle

Illustrated notes

Levels and vault maps discovered:
D:1:      psy_arrival_spokes, layout_basic, solitary_fountain, hex_intersection
D:2:      layout_basic, shapermc_ecumenical_altar_venn,
          chequers_serial_rivers_micro_c, minivault_25, corexii_shack
D:3:      layout_basic, minivault_27, uniq_terence, uniq_sigmund
D:4:      layout_loops_cross
D:5:      layout_gridville
D:6:      hellmonk_crumbling_castle, layout_cave_pools, ebering_ghost_xom,
          kennysheep_generic_room_13
D:7:      layout_basic, mainiacjoe_overflow_tiny_flanked,
          nemelex_dance_club_becter, minmay_temple_entry_mist,
          lightli_corner_chamber, uniq_maggie
D:8:      cheibrodos_statue_roulette, layout_gridville,
          mainiacjoe_overflow_catwalk_spiral

Skill      XL: |  1  2  3  4  5  6  7  8  9 10 |
---------------+-------------------------------+-----
Axes           | 3 4 5 6 8 9 |  9.5
Fighting       | 4 5 6 7 8 9 |  9.1
Armour         | 4 5 7 8 |  8.3
Shields        | 4 5 7 8 |  8.2
Invocations    | 3 6 7 |  7.7

Action                     |  1- 3 |  4- 6 |  7- 9 | 10-12 || total
---------------------------+-------+-------+-------+-------++-------
  Melee: War axe           |   103 |   139 |   242 |   146 ||   630
 Invoke: Convert to Beogh  |       |       |     1 |       ||     1
    Use: Scroll            |     2 |       |     5 |     6 ||    13
         Potion            |       |     1 |     4 |     1 ||     6
   Stab: Petrifying        |       |       |       |     1 ||     1
 Armour: Scale mail        |    41 |    18 |       |       ||    59
         Plate armour      |       |    66 |   165 |   100 ||   331
  Dodge: Dodged            |    90 |    96 |   162 |    79 ||   427
  Block: Buckler           |    27 |    30 |    81 |    45 ||   183

Table legend: (Time is in decaauts)
 A = Elapsed time spent in this place.
 B = Non-inter-level travel time spent in this place.
 C = Inter-level travel time spent in this place.
 D = Time resting spent in this place.
 E = Time spent auto-exploring this place.
 F = Levels seen in this place.
 G = Mean time per level.
                   A        B        C        D        E       F      G
               +--------+--------+--------+--------+--------+-----+--------+
         Total |   5947 |   5745 |    202 |    467 |   3899 |   8 |  743.4 |
       Dungeon |   5947 |   5745 |    202 |    467 |   3899 |   8 |  743.4 |
               +--------+--------+--------+--------+--------+-----+--------+

Top non-repeatable levels by time:
     D:2: 977 daAuts
     D:6: 966 daAuts
     D:3: 747 daAuts
     D:4: 693 daAuts
     D:7: 687 daAuts
     D:8: 681 daAuts
     D:1: 635 daAuts
     D:5: 557 daAuts
